 Dungeon Crawl Stone Soup version 0.29-a0-341-g24ffce5 (webtiles) character file.

Game seed: 17760166439907246857

63 Think the Cutter (level 4, -4/31 HPs)
             Began as an Octopode Fighter on Apr 19, 2022.
             Slain by a gnoll
             ... wielding a +0 whip
              (7 damage)
             ... on level 4 of the Dungeon.
             The game lasted 00:02:17 (1727 turns).

Think the Cutter (Octopode Fighter)                 Turns: 1727, Time: 00:02:18

Health: -4/31      AC:  1    Str: 15    XL:     4   Next: 9%
Magic:  4/4        EV: 13    Int: 10    God:
Gold:   103        SH:  4    Dex: 13    Spells: 3/3 levels left

rFire   . . .      SeeInvis .   a - +0 rapier
rCold   . . .      Faith    .   b - +0 buckler
rNeg    . . .      Spirit   .   (helmet restricted)
rPois   .          Reflect  .   (no amulet)
rElec   .          Harm     .   (no ring)
rCorr   .          Rampage  .   (no ring)
Will    .....                   (no ring)
Stlth   ++........              (no ring)
HPRegen 0.10/turn               (no ring)
MPRegen 0.09/turn               (no ring)
                                (no ring)
                                (no ring)

@: no status effects
A: almost no armour, amphibious, 8 rings, camouflage 1, gelatinous body 1,
(nimble swimmer 1), tentacles
a: no special abilities


You were on level 4 of the Dungeon.
You visited 1 branch of the dungeon, and saw 3 of its levels.

You collected 103 gold pieces.

Inventory:

Hand Weapons
 a - a +0 rapier (weapon)
Armour
 b - a +0 buckler (worn)
Wands
 l - a wand of flame (15)
Scrolls
 e - a scroll of magic mapping {unknown}
 f - 2 scrolls of identify {unknown}
 h - a scroll of vulnerability {unknown}
 j - a scroll of summoning {unknown}
 k - a scroll of teleportation {unknown}
 m - a scroll of blinking {unknown}
Potions
 c - a potion of might
 d - 2 potions of resistance {unknown}
 g - 2 potions of mutation {unknown}
 i - a potion of haste {unknown}


   Skills:
 - Level 3.0 Fighting
 + Level 4.2 Short Blades
 - Level 3.0 Dodging
 - Level 3.0 Shields


You had 3 spell levels left.
You didn't know any spells.
Your spell library was empty.

Dungeon Overview and Level Annotations

Branches:
Dungeon (2/15)

Altars:


Innate Abilities, Weirdness & Mutations

You cannot wear most types of armour.
You are amphibious.
You can wear up to eight rings at the same time.
Your skin changes colour to match your surroundings (Stealth+).
Your rubbery body absorbs attacks. (AC +1, EV +1)
((You are camouflaged when in or above water. (Stealth+)))
You have tentacles for arms and can constrict up to eight enemies at once.


Message History

No target in view!
No target in view!
No target in view!
Key pressed, stopping explore.
HP restored.
Things that are here:
a +0 club; a goblin corpse Key pressed, stopping explore.
A gnoll comes into view. It is wielding a +0 spear.
A gnoll is nearby!
A gnoll comes into view. It is wielding a +0 whip.
Found a potion of might.
The gnoll shouts!
You hear a shout!
A gnoll comes into view. It is wielding a +0 whip.
You see here 7 gold pieces.
The gnoll hits you from afar with a +0 spear.
An orc comes into view. It is wielding a +0 dagger.
The gnoll barely misses you.
A quokka comes into view.
You closely miss the gnoll.
The orc shouts!
You grab the gnoll. You squeeze the gnoll.
The gnoll is moderately wounded.
You constrict the gnoll. The gnoll hits you with a +0 spear.
You block the gnoll's attack.
You hit the gnoll.
The gnoll is almost dead.
You constrict the gnoll.
You kill the gnoll!
The gnoll hits you with a +0 spear.
You have reached level 4!
The gnoll hits you from afar with a +0 spear.
* * * LOW HITPOINT WARNING * * *
The orc complains noisily.
The gnoll attacks as you move away! The gnoll misses you.
The gnoll attacks as you move away! The gnoll misses you.
The gnoll attacks as you move away! The gnoll hits you with a +0 whip.
* * * LOW HITPOINT WARNING * * *
The gnoll attacks as you move away! The gnoll hits you with a +0 whip!
You die...

#># ##..# .. #..#
#.## ###.# ##...#
###...## # #...###
#..######### #..##
#....@g.g..###.)#
##....###o...##..#
##...## ###r.##..#
.....# ##..##..#
.#....# ##...##..#
# #...###o...#...#
#..............#
####.....r........#
#.....)...........#


You could see 2 gnolls, an orc and a quokka.

Vanquished Creatures
  A gnoll (D:4)
  2 adders (D:2)
  An ufetubus (D:4)
  4 ball pythons (D:1)
  2 endoplasms (D:1)
  A giant cockroach (D:2)
  2 goblins
  6 jackals
  2 bats (D:1)
  A frilled lizard (D:1)
  3 kobolds
  5 rats
30 creatures vanquished.

Notes
Turn   | Place    | Note
-------+----------+-------------------------------------------
     0 | D:1      | Think the Octopode Fighter began the quest for the Orb.
     0 | D:1      | Reached XP level 1. HP: 16/16 MP: 1/1
    66 | D:1      | Reached XP level 2. HP: 17/21 MP: 2/2
   206 | D:1      | Reached skill level 3 in Short Blades
   715 | D:2      | Reached XP level 3. HP: 11/26 MP: 3/3
  1484 | D:2      | You fall into a shaft and drop 2 floors!
  1574 | D:4      | Reached skill level 4 in Short Blades
  1716 | D:4      | Reached XP level 4. HP: 13/31 MP: 4/4
  1727 | D:4      | Slain by a gnoll

Illustrated notes

Levels and vault maps discovered:
D:1:      grunt_arrival_crossed_arrows, layout_rooms
D:2:      layout_loops_ring
D:4:      layout_layer_cave, temple_green, serial_shops,
          nicolae_shop_bloodbath_and_beyond, minmay_three_crescents

Skill      XL: |  1  2  3 |
---------------+----------+-----
Short Blades   | 3 4 |  4.2
Fighting       | |  3.0
Dodging        | |  3.0
Shields        | |  3.0

Action                   |  1- 3 |  4- 6 || total
-------------------------+-------+-------++-------
Melee: Rapier            |    73 |       ||    73
       Constrict         |    17 |       ||    17
       Tentacles         |     7 |       ||     7
 Stab: Sleeping          |     4 |       ||     4
Armor: Skin              |    10 |       ||    10
Dodge: Dodged            |    39 |     2 ||    41
Block: Buckler           |    15 |       ||    15

Table legend: (Time is in decaauts)
 A = Elapsed time spent in this place.
 B = Non-inter-level travel time spent in this place.
 C = Inter-level travel time spent in this place.
 D = Time resting spent in this place.
 E = Time spent auto-exploring this place.
 F = Levels seen in this place.
 G = Mean time per level.
                   A        B        C        D        E       F      G
               +--------+--------+--------+--------+--------+-----+--------+
         Total |   1732 |   1728 |      4 |    233 |   1292 |   3 |  577.3 |
       Dungeon |   1732 |   1728 |      4 |    233 |   1292 |   3 |  577.3 |
               +--------+--------+--------+--------+--------+-----+--------+

Top non-repeatable levels by time:
     D:2: 848 daAuts
     D:1: 640 daAuts
     D:4: 243 daAuts
